 Dungeon Crawl Stone Soup version 0.27.1-37-g7b29ead8ac (webtiles) character file.

Game seed: 10953083472475919709

4537 cbfl8 the Cleaver (level 10, -1/88 HPs)
             Began as a Minotaur Fighter on June 27, 2023.
             Was a Follower of Yredelemnul.
             Blown up by a wight (7 damage)
             ... with a mindburst bolt
             ... on level 8 of the Dungeon.
             The game lasted 00:09:44 (9433 turns).

cbfl8 the Cleaver (Minotaur Fighter)                Turns: 9433, Time: 00:09:44

Health: -1/88      AC: 13    Str: 22    XL:     10   Next: 17%
Magic:  9/9        EV:  6    Int:  5    God:    Yredelemnul [*.....]
Gold:   290        SH: 16    Dex: 12    Spells: 9/9 levels left

rFire    . . .     SeeInvis .   a - +4 war axe
rCold    + . .     Faith    .   c - +0 kite shield
rNeg     . . .     Spirit   .   y - +0 plate armour
rPois    .         Reflect  +   (helmet restricted)
rElec    .         Harm     .   (no cloak)
rCorr    .         Rampage  .   (no gloves)
Will     .....                  (no boots)
Stlth    ..........             i - amulet of reflection
HPRegen  0.24/turn              n - ring of wizardry
MPRegen  0.11/turn              s - ring of protection from cold

@: studying Fighting
A: horns 2, retaliatory headbutt
a: Renounce Religion, Animate Remains


You were on level 8 of the Dungeon.
You worshipped Yredelemnul.
Yredelemnul was aware of your devotion.
You visited 2 branches of the dungeon, and saw 10 of its levels.

You collected 368 gold pieces.
You spent 78 gold pieces at shops.

Inventory:

Hand Weapons
 a - a +4 war axe (weapon)
Armour
 c - a +0 kite shield (worn)
 y - a +0 plate armour (worn)
Jewellery
 i - an amulet of reflection (around neck)
 n - a ring of wizardry (left hand)
 s - a ring of protection from cold (right hand)
Wands
 f - a wand of polymorph (12)
 j - a wand of iceblast (5)
 w - a wand of acid (9) (quivered)
Scrolls
 b - 2 scrolls of vulnerability {unknown}
 d - 2 scrolls of torment {unknown}
 l - 2 scrolls of magic mapping {unknown}
 m - 4 scrolls of teleportation
 o - a scroll of enchant armour
 p - 2 scrolls of noise {unknown}
 t - a scroll of immolation
 v - a scroll of amnesia {unknown}
Potions
 e - 2 potions of lignification
 g - a potion of magic
 h - 2 potions of flight
 k - 2 potions of resistance
 q - a potion of curing
 r - a potion of berserk rage
 u - a potion of heal wounds
 x - a potion of haste
 z - a potion of mutation {unknown}


   Skills:
 + Level 8.2 Fighting
 + Level 9.7 Axes
 + Level 8.5 Armour
 + Level 2.3 Dodging
 + Level 0.4 Stealth
 + Level 8.8 Shields
 * Level 6.2 Evocations


You had 9 spell levels left.
You didn't know any spells.
Your spell library contained the following spells:

 Spells                   Type           Power      Damage    Failure   Level
 Beastly Appendage        Tmut           0%         N/A       99%         1
 Corona                   Hex            0%         N/A       99%         1
 Ensorcelled Hibernation  Hex/Ice        0%         N/A       100%        2
 Wereblood                Tmut           0%         N/A       100%        2
 Ozocubu's Armour         Ice            0%         N/A       100%        3
 Spider Form              Tmut/Pois      0%         N/A       100%        3
 Tukima's Dance           Hex            0%         N/A       100%        3
 Metabolic Englaciation   Hex/Ice        0%         N/A       100%        5
 Simulacrum               Ice/Necr       0%         N/A       100%        6


Dungeon Overview and Level Annotations

Branches:
Dungeon (9/15)             Temple (1/1) D:7
   Lair: D:8-11         Orc: D:9-12

Altars:
Elyvilon
Gozag
Kikubaaqudgha
Makhleb
Sif Muna
Trog
Vehumet
Yredelemnul

Shops:
D:3 ?


Innate Abilities, Weirdness & Mutations

You have a pair of horns on your head.
You reflexively headbutt those who attack you in melee.


Message History

Press: ? - help, Q - select action, (/) - cycle Shift-Dir - straight line, f - two-headed ogre
Aim: a two-headed ogre, wielding two +0 giant clubs (lightly wounded, 88% to hit)
The bolt of acid hits the two-headed ogre!
The two-headed ogre is splashed with acid.
The acid corrodes the two-headed ogre!
The two-headed ogre is heavily wounded.
You block the two-headed ogre's attack. x2; The wight zaps a wand.
You struggle to resist.
Aiming: Corrosive Bolt
Press: ? - help, Q - select action, (/) - cycle Shift-Dir - straight line, f/p - two-headed ogre
Aim: a two-headed ogre, wielding two +0 giant clubs (heavily wounded, covered in acid, 88% to hit)
The bolt of acid misses the two-headed ogre.
The wight hits you but does no damage. You block the two-headed ogre's attack.
The two-headed ogre hits you with a +0 giant club.
Aiming: Corrosive Bolt
Press: ? - help, Q - select action, (/) - cycle Shift-Dir - straight line, f/p - two-headed ogre
Aim: a two-headed ogre, wielding two +0 giant clubs (heavily wounded, covered in acid, 88% to hit)
The bolt of acid hits the two-headed ogre!!
The two-headed ogre is splashed with acid.
The two-headed ogre seems to be corroded for longer.
The two-headed ogre is almost dead.
The wight zaps a wand.
You struggle to resist.
Aiming: Corrosive Bolt
Press: ? - help, Q - select action, (/) - cycle Shift-Dir - straight line, f/p - two-headed ogre
Aim: a two-headed ogre, wielding two +0 giant clubs (almost dead, covered in acid, 88% to hit)
The bolt of acid hits the two-headed ogre!!
The two-headed ogre is splashed with acid.
The two-headed ogre seems to be corroded for longer.
You kill the two-headed ogre!
Yredelemnul accepts your kill. The wight hits you but does no damage.
Your Fighting skill increases to level 8!
You barely miss the wight. You block the wight's attack.
You barely miss the wight. Your headbutt misses the wight.
The wight zaps a wand.
Your mind is blasted!
* * * LOW HITPOINT WARNING * * *
You barely miss the wight. Your headbutt misses the wight.
The wight zaps a wand.
You struggle to resist.
You barely miss the wight.
The wight zaps a wand.
Your mind is blasted!
You die...

#.............#
#...........###
#......>...## .
#.........[###
..
#.....)...[....#
#..
##........######
#.. #..........#
####..
#...)z.....#
##.....
#...@......#
##......
#...<......#
#.......
#..........#
#.......
##........##
#.......
##.......#
##......
#######.#
#.......
#.####.......
#.##.........
#.##.##.....#


You could see a wight.

Vanquished Creatures
  A two-headed ogre (D:8)
  2 wyverns
  8 yaks
  2 steam dragons
  3 water moccasins
  An ice beast (D:6)
  An orc warrior (D:9)
  2 necrophages
  An ogre (D:5)
  3 centaurs
  2 bullfrogs
  2 scorpions
  A water moccasin skeleton (D:5)
  3 wights
  A crimson imp (D:7)
  2 orc priests (D:9)
  3 hounds
  A bullfrog skeleton (D:5)
  2 jellies (D:4)
  2 centaur skeletons
  A gnoll shaman (D:6)
  3 iguanas
  3 orc wizards
  A killer bee zombie (D:8)
  9 gnolls
  A howler monkey skeleton (D:5)
  6 adders
  A white imp (D:7)
  An ufetubus (D:6)
  A worm (D:3)
  4 dart slugs
  16 orcs
  6 ball pythons
  8 bats
  6 endoplasms
  4 giant cockroaches
  3 goblins
  8 hobgoblins
  2 jackals (D:4)
  4 kobolds
  3 quokkas (D:2)
  7 rats
141 creatures vanquished.

Vanquished Creatures (others)
  A kobold (D:3)
1 creature vanquished.

Grand Total: 142 creatures vanquished

Notes
Turn   | Place    | Note
-------+----------+-------------------------------------------
     0 | D:1      | cbfl8 the Minotaur Fighter began the quest for the Orb.
     0 | D:1      | Reached XP level 1. HP: 19/19 MP: 0/0
    24 | D:1      | You fall into a shaft and drop 1 floor!
    47 | D:2      | Identified a scroll of acquirement
    47 | D:2      | Acquired a manual of Fighting
   172 | D:1      | Reached XP level 2. HP: 27/27 MP: 1/1
   632 | D:1      | Reached skill level 1 in Evocations
   804 | D:2      | Reached XP level 3. HP: 33/33 MP: 2/2
   844 | D:2      | Reached skill level 3 in Axes
  1678 | D:2      | Reached XP level 4. HP: 41/41 MP: 3/3
  1771 | D:3      | Found a faded altar of an unknown god.
  1856 | D:3      | Found Suecyso's Magic Scroll Boutique.
  1864 | D:3      | Bought a scroll of teleportation for 39 gold pieces
  1864 | D:3      | Bought a scroll of teleportation for 39 gold pieces
  2583 | D:4      | Reached skill level 4 in Axes
  2583 | D:4      | Reached XP level 5. HP: 38/47 MP: 4/4
  2842 | D:4      | Reached skill level 5 in Fighting
  3430 | D:5      | Entered Level 5 of the Dungeon
  3430 | D:5      | Noticed a water moccasin
  3431 | D:5      | Noticed a yak
  3431 | D:5      | Noticed a yak
  3431 | D:5      | Noticed a yak
  3433 | D:5      | Noticed a yak
  3449 | D:4      | Killed a water moccasin
  3450 | D:4      | Reached skill level 5 in Axes
  3450 | D:4      | Reached XP level 6. HP: 35/56 MP: 5/5
  3882 | D:4      | Reached skill level 5 in Shields
  3887 | D:5      | Reached skill level 1 in Dodging
  3926 | D:5      | Reached skill level 5 in Armour
  3926 | D:5      | Reached XP level 7. HP: 61/61 MP: 6/6
  4368 | D:5      | Killed a yak
  4369 | D:5      | Reached skill level 6 in Axes
  4383 | D:6      | Killed a yak
  4384 | D:6      | Killed a yak
  4385 | D:6      | Reached XP level 8. HP: 28/70 MP: 7/7
  4692 | D:5      | Reached skill level 7 in Axes
  6771 | D:7      | Found an opulent altar of Gozag.
  6777 | D:7      | Found a white marble altar of Elyvilon.
  6777 | D:7      | Found a burning altar of Makhleb.
  6791 | D:7      | Reached XP level 9. HP: 61/78 MP: 8/8
  6972 | D:7      | Found an ancient bone altar of Kikubaaqudgha.
  7000 | D:7      | Reached skill level 8 in Axes
  7310 | D:7      | Reached skill level 5 in Evocations
  7482 | D:7      | Found a staircase to the Ecumenical Temple.
  7498 | Temple   | Entered the Ecumenical Temple
  7545 | Temple   | Became a worshipper of Yredelemnul the Dark
  8959 | D:8      | Reached skill level 9 in Axes
  9041 | D:8      | Noticed a two-headed ogre
  9293 | D:8      | Reached * piety under Yredelemnul
  9357 | D:8      | Reached XP level 10. HP: 88/88 MP: 9/9
  9429 | D:8      | Killed a two-headed ogre
  9433 | D:8      | Blown up by a wight

Illustrated notes

Levels and vault maps discovered:
D:1:      lightli_arrival_noodles, layout_loops_cross
D:2:      kennysheep_six_static_rooms, layout_basic,
          hangedman_decor_clover_reticule, roderic_roman_lattice,
          guppyfry_early_lair_pool
D:3:      layout_rooms, serial_shops, shop, ebering_ecumenical_altar_hall,
          st_stairs_4
D:4:      layout_basic
D:5:      layout_cave_pools
D:6:      layout_gridville
D:7:      layout_loops_corners, grunt_temple_overflow_open,
          minmay_temple_entry_arrows, minmay_fire_ice_demons
D:8:      layout_rooms
D:9:      layout_loops_corners, hiddenorc2_lemuel
Temple:   dpeg_five_rooms_temple

Skill      XL: |  1  2  3  4  5  6  7  8  9 10 |
---------------+-------------------------------+-----
Fighting       | 4 5 6 7 8 |  8.2
Evocations     | 1 2 3 4 6 |  6.2
Axes           | 3 4 5 6 7 9 |  9.7
Armour         | 4 5 7 8 |  8.5
Shields        | 4 5 6 7 8 |  8.8
Dodging        | 1 2 |  2.3
Stealth        | |  0.4

Action                   |  1- 3 |  4- 6 |  7- 9 | 10-12 || total
-------------------------+-------+-------+-------+-------++-------
Melee: War axe           |    75 |    99 |   226 |     6 ||   406
       Headbutt          |     4 |    16 |    43 |       ||    63
Evoke: Wand              |       |       |     2 |     4 ||     6
  Use: Scroll            |     2 |     2 |     5 |       ||     9
       Potion            |       |     6 |     2 |       ||     8
Armor: Scale mail        |    23 |       |       |       ||    23
       Chain mail        |     4 |    62 |    62 |       ||   128
       Plate armour      |       |       |    16 |     2 ||    18
Dodge: Dodged            |    19 |    20 |    52 |       ||    91
Block: Kite shield       |    45 |   115 |   236 |     4 ||   400
       Reflection        |     1 |     4 |    12 |       ||    17
